 Dungeon Crawl Stone Soup version 0.18-a0-316-gf882de5 (webtiles) character file.

1021 Duffy the Firebug (level 8, -2/68 HPs)
             Began as a Naga Fire Elementalist on Nov 27, 2015.
             Was an Initiate of Ashenzari.
             Slain by a gnoll (6 damage)
             ... on level 5 of the Dungeon.
             The game lasted 00:13:40 (5950 turns).

Duffy the Firebug (Naga Fire Elementalist)          Turns: 5950, Time: 00:13:40

Health: -2/68      AC:  5    Str: 10    XL:     8   Next: 22%
Magic:  0/12       EV: 10    Int: 16    God:    Ashenzari [......]
Gold:   217        SH:  0    Dex: 14    Spells: 3 memorised, 5 levels left

rFire  . . .     SeeInvis +     i - +0 dagger (elec)
rCold  . . .     Clarity  .     a - +0 robe
rNeg   + . .     SustAt   .     (no shield)
rPois  +         Gourm    .     h - +0 helmet
rElec  .         Spirit   .     (no cloak)
rCorr  .         Warding  .     l - +0 pair of gloves
rMut   .         Stasis   .     (no barding)
MR     +....                    (no amulet)
Stlth  ++........               (no ring)
                                F - ring of positive energy

@: very slow, somewhat resistant to hostile enchantments, unstealthy
A: see invisible, deformed body, poison resistance, slowness 2, slow metabolism
1, spit poison 2, AC +2
a: Spit Poison, Renounce Religion


You were on level 5 of the Dungeon.
You worshipped Ashenzari.
Ashenzari was noncommittal.
You were not hungry.

You visited 1 branch of the dungeon, and saw 5 of its levels.

You collected 217 gold pieces.


Innate Abilities, Weirdness & Mutations

You cannot wear boots.
Your serpentine skin is tough (AC +2).
You have supernaturally acute eyesight.
Armour fits poorly on your strangely shaped body.
Your system is resistant to poisons.
You cover ground very slowly.
You have a slow metabolism.
You can spit poison.


   Skills:
 + Level 2.3 Fighting
 - Level 1.5 Dodging
 - Level 3.0 Stealth
 - Level 3.0 Spellcasting
 - Level 6.4 Conjurations
 - Level 6.4 Fire Magic


You had 5 spell levels left.
You knew the following spells:

 Your Spells              Type           Power        Failure   Level  Hunger
a - Flame Tongue          Conj/Fire      ###..        1%          1    #......
c - Conjure Flame         Conj/Fire      ###.....     4%          3    ###....
s - Sticky Flame          Conj/Fire      ###.....     14%         4    #####..

Inventory:

Hand Weapons
 i - a +0 dagger of electrocution (weapon)
 u - a +2 hand axe of flaming
Missiles
 g - 36 poisoned needles
Armour
 a - a +0 robe (worn)
 h - a +0 helmet (worn)
 l - a +0 pair of gloves (worn)
Jewellery
 y - an uncursed ring of ice
 F - a ring of positive energy (left hand)
Wands
 p - a wand of polymorph (4)
 B - a wand of fireball (8)
 C - a wand of cold (0)
Scrolls
 e - a scroll of recharging
 n - a scroll of blinking {unknown}
 q - a scroll of teleportation {unknown}
 t - a scroll of amnesia {unknown}
 v - a scroll of fog {unknown}
 G - a scroll of enchant weapon {unknown}
Potions
 d - a potion of berserk rage
 j - 2 potions of heal wounds
 m - 3 potions of lignification
 o - 4 potions of agility
 s - a potion of invisibility {unknown}
 w - a potion of haste {unknown}
 x - 2 potions of brilliance {unknown}
 A - a potion of degeneration {unknown}
Books
 b - a book of Flames
 D - a book of Hinderance
Comestibles
 c - 2 bread rations
 f - 3 fruits
 k - a slice of pizza
 r - a beef jerky
 z - 2 meat rations
 E - 2 chunks of flesh

Dungeon Overview and Level Annotations

Branches:
Dungeon (5/15)
 Temple: D:4-7

Altars:
Ashenzari
Qazlal
Yredelemnul

Annotations:
D:5 Protee's ghost, novice CeHu


Message History

You kill the gnoll sergeant!
Your Fighting skill increases to level 2!
The gnoll barely misses you.
Evoke which item? (* to show all) (? for menu, Esc to quit)
Zapping:
C - a wand of cold {zapped: 4} (will waste charges)
Press: ? - help, Shift-Dir - straight line, f - gnoll
Aim: a gnoll, wielding a club (heavily wounded)
The bolt of cold hits the gnoll.
You kill the gnoll!
Evoking this partially-identified wand wasted a few charges.
The gnoll hits you with a club! The gnoll hits you but does no damage.
Evoke which item? (* to show all) (? for menu, Esc to quit)
Zapping:
C - a wand of cold {zapped: 6} (will waste charges)
Press: ? - help, Shift-Dir - straight line, f - gnoll
Aim: a gnoll, wielding a club (heavily wounded)
The bolt of cold misses the gnoll.
Evoking this partially-identified wand wasted a few charges.
The gnoll barely misses you. The gnoll hits you with a club.
Cast which spell? (? or * to list)
Aiming: Sticky Flame
Press: ? - help, Shift-Dir - straight line, f - gnoll
Aim: a gnoll, wielding a club (heavily wounded)
The sticky flame hits the gnoll.
The gnoll is almost dead.
The gnoll is covered in liquid flames!
The gnoll burns!
You kill the gnoll!
The gnoll barely misses you.
Cast which spell? (? or * to list)
Aiming: Sticky Flame
Press: ? - help, Shift-Dir - straight line, f - gnoll
Aim: a gnoll The sticky flame hits the gnoll.
The gnoll is moderately wounded.
The gnoll is covered in liquid flames!
The gnoll burns!
The gnoll hits you.
You die...

...####.........~##
........#......~~#
###.........##...gg
###......%....#
~~#g
##........##...# ##
#...)....####..##
#....$...# ##..##
#....)g.## #...##
##...@).# ##....##
#..)..## #......##
##....# #....#..##
##..## #.....#.(.
#.## #....#W... ###
#..##...## ###
#..## #..# #...


You could see a gnoll (burning).

Action                   |  1- 3 |  4- 6 |  7- 9 || total
-------------------------+-------+-------+-------++-------
Melee: Dagger            |    47 |   113 |    61 ||   221
       Unarmed           |       |     5 |       ||     5
 Cast: Flame Tongue      |    29 |    19 |     5 ||    53
       Conjure Flame     |     1 |     4 |     2 ||     7
       Sticky Flame      |       |     5 |     6 ||    11
 Abil: Spit Poison       |    11 |    22 |     2 ||    35
Evoke: Wand              |       |       |     5 ||     5
  Use: Scroll            |       |     4 |     1 ||     5
 Stab: Sleeping          |     3 |     5 |     1 ||     9
  Eat: Chunk             |     2 |    12 |     4 ||    18

Notes
Turn   | Place    | Note
--------------------------------------------------------------
     0 | D:1      | Duffy the Naga Fire Elementalist began the quest for the Orb.
     0 | D:1      | Reached XP level 1. HP: 15/15 MP: 3/3
   349 | D:2      | Reached skill level 2 in Conjurations
   349 | D:2      | Reached XP level 2. HP: 22/22 MP: 5/5
   359 | D:2      | Noticed Robin
   374 | D:1      | Killed Robin
   539 | D:1      | Reached XP level 3. HP: 20/28 MP: 4/6
   624 | D:1      | Learned a level 3 spell: Conjure Flame
   635 | D:1      | Reached skill level 3 in Conjurations
  1599 | D:2      | Reached XP level 4. HP: 36/36 MP: 3/7
  1920 | D:2      | Learned a level 4 spell: Sticky Flame
  2020 | D:2      | Found a shattered altar of Ashenzari.
  2040 | D:2      | Became a worshipper of Ashenzari the Shackled
  2090 | D:2      | Noticed Ijyb
  2131 | D:2      | Killed Ijyb
  2590 | D:3      | Reached XP level 5. HP: 42/42 MP: 8/8
  2737 | D:3      | Reached skill level 4 in Fire Magic
  3352 | D:4      | Reached skill level 4 in Conjurations
  3605 | D:4      | Reached XP level 6. HP: 40/49 MP: 3/9
  4311 | D:4      | Found a basalt altar of Yredelemnul.
  4317 | D:4      | Found a stormy altar of Qazlal.
  4387 | D:4      | Noticed Pikel
  4874 | D:4      | Killed Pikel
  4874 | D:4      | Reached skill level 6 in Conjurations
  4874 | D:4      | Reached skill level 6 in Fire Magic
  4874 | D:4      | Reached XP level 7. HP: 7/55 MP: 2/10
  5490 | D:5      | Entered Level 5 of the Dungeon
  5495 | D:5      | Reached XP level 8. HP: 62/62 MP: 5/12
  5770 | D:5      | Reached skill level 3 in Spellcasting
  5914 | D:5      | Noticed Protee's ghost (novice CeHu)
  5945 | D:5      | Reached skill level 1 in Fighting
  5946 | D:5      | Reached skill level 2 in Fighting
  5950 | D:5      | Slain by a gnoll

Vault maps used:
D:1:      dpeg_arrival_oval
D:2:      ashenzari_altar_1, uniq_iyjb, uniq_robin
D:4:      lemuel_round_altar, nicolae_qazlal_general_emergency, serial_forest,
          infiniplex_forest_straight_1, infiniplex_forest_clump_curved,
          infiniplex_forest_corner_1, infiniplex_forest_clump_tiny,
          infiniplex_forest_clump_large, infiniplex_forest_lined_2,
          infiniplex_forest_lined_room_3, uniq_pikel
D:5:      minmay_temple_entry_crystal_x, first_bread, lightli_minifort

Vanquished Creatures
  Pikel
  2 slaves
  A gnoll sergeant
  2 hounds
  A gnoll shaman
  A centaur skeleton
  3 orc priests Ijyb
  An iguana
  An orc wizard Robin
  4 adders
  9 gnolls
  2 adder skeletons
  A worm
  15 orcs
  A ball python
  18 goblins
  9 hobgoblins
  9 jackals
  5 bats
  2 giant cockroaches
  A giant gecko
  4 giant newts
  8 kobolds
  A quokka
  9 rats
  A bush
  A plant
115 creatures vanquished.
